AoeStats
← BjarneRiis27

Arabia

509949812Analyzed
3v3 RM · 4d ago on Sep 28, 2026· 45m 25s· 6 players
Game mode
Random Map
Map size
Normal (6 player)
Population
200
Speed
Normal
Resources
Standard
Victory
Conquest
Starting age
Dark Age
Ending age
Imperial Age
RankedLock teamsTeams togetherTeam positionsShared explorationLock speedFull tech treeHidden civsTurbo modeCheats
Victory
Defeat
🇺🇸 Jurchens · United States
951
+15
🇬🇧 Gurjaras · United Kingdom
916
+17
🇵🇰 Chinese · Pakistan
916
+17
🇲🇽 Celts · Mexico
959
-18
🇩🇰 Italians · Denmark
920
-45
🇨🇱 Ethiopians · Chile
908
-15
idontknow6525
9:58 Feudal Age
10:12 Loom
11:16 Double-Bit Axe
14:58 Horse Collar
19:29 Castle Age
21:08 Forging
21:31 Bow Saw
21:24 Heavy Plow
25:45 Scale Barding Armor
26:37 Husbandry
26:50 Bloodlines
28:29 Iron Casting
30:09 Chain Barding Armor
31:29 Wheelbarrow
31:26 Gold Mining
32:49 Stone Mining
32:51 Town Watch
34:06 Hand Cart
36:41 Imperial Age
34:30 Scale Mail Armor
36:24 Stone Shaft Mining
37:47 Conscription
38:09 Crop Rotation
41:32 Plate Barding Armor
41:13 Chain Mail Armor
42:54 Fletching
42:26 Elite Shrivamsha Rider
Hannaconda71
7:56 Loom
12:42 Feudal Age
16:55 Castle Age
15:48 Double-Bit Axe
17:05 Fletching
19:05 Wheelbarrow
18:33 Horse Collar
20:16 Pikeman
26:36 Gambesons
32:25 Scale Mail Armor
33:37 Hand Cart
34:53 Gold Mining
35:06 Bodkin Arrow
35:28 Heavy Plow
39:48 Imperial Age
37:17 Town Watch
39:33 Forging
39:30 Scale Barding Armor
39:15 Light Cavalry
39:56 Husbandry
40:07 Bloodlines
zainkb
0:56 Loom
10:28 Feudal Age
13:19 Wheelbarrow
17:21 Castle Age
17:20 Double-Bit Axe
19:16 Wheelbarrow
24:32 Fletching
26:20 Wheelbarrow
27:43 Hand Cart
29:15 Bow Saw
28:51 Horse Collar
33:17 Imperial Age
34:53 Conscription
35:38 Squires
34:59 Pikeman
35:32 Elite Chu Ko Nu
36:45 Ballistics
36:42 Heavy Rocket Cart
37:33 Padded Archer Armor
37:30 Bodkin Arrow
38:47 Two-Man Saw
37:57 Heavy Plow
40:08 Halberdier
41:11 Bloodlines
41:01 Husbandry
41:23 Leather Archer Armor
41:14 Scale Barding Armor
41:23 Forging
41:14 Bracer
41:44 Rocketry
43:49 Caravan
CONE
11:32 Loom
14:41 Feudal Age
15:25 Double-Bit Axe
16:11 Gold Mining
16:07 Horse Collar
19:17 Castle Age
17:43 Forging
20:01 Scale Barding Armor
21:03 Wheelbarrow
23:29 Husbandry
24:49 Hand Cart
26:07 Pikeman
27:43 Heavy Plow
30:21 Stone Mining
32:41 Town Watch
37:17 Imperial Age
36:41 Ballistics
37:11 Light Cavalry
38:18 Scale Mail Armor
38:54 Iron Casting
37:58 Hussar
40:06 Onager
40:32 Capped Ram
43:21 Arson
43:58 Chain Mail Armor
44:43 Blast Furnace
Necropulpectomía
0:30 Loom
2:01 Loom
12:00 Feudal Age
13:14 Double-Bit Axe
13:10 Horse Collar
14:23 Wheelbarrow
19:00 Castle Age
20:27 Hand Cart
20:28 Bow Saw
20:22 Heavy Plow
27:02 Gold Mining
33:49 Imperial Age
32:26 Fletching
33:52 Gold Shaft Mining
33:47 Ballistics
33:26 Bodkin Arrow
33:31 Padded Archer Armor
35:40 Chemistry
34:46 Siege Engineers
34:09 Crossbowman
34:54 Thumb Ring
35:08 Leather Archer Armor
35:29 Arbalester
36:27 Bracer
38:35 Ring Archer Armor
41:57 Torsion Engines
42:18 Conscription
BjarneRiis27
9:55 Loom
12:21 Feudal Age
16:03 Double-Bit Axe
25:59 Castle Age
26:07 Pikeman
27:20 Crossbowman
32:15 Bow Saw
31:49 Horse Collar
32:03 Gold Mining
35:06 Thumb Ring
37:08 Stone Mining
40:02 Imperial Age
41:01 Wheelbarrow
Connection lost

Rejoining the realm…

Still unreachable

The connection could not be restored.

Session expired

The server has moved on; the page needs a fresh start.